 Dungeon Crawl Stone Soup version 0.23.2-33-g5129a83184 (webtiles) character file.

Game seed: 8233383428616307049

23 Descartes the Grave Robber (level 2, -8/15 HPs)
             Began as a Deep Elf Necromancer on July 13, 2019.
             Killed by divine providence
             ... invoked by an orc priest
              (10 damage)
             ... on level 2 of the Dungeon.
             The game lasted 00:04:01 (1023 turns).

Descartes the Grave Robber (Deep Elf Necromancer)   Turns: 1023, Time: 00:04:01

Health: -8/15      AC:  2    Str:  5    XL:     2   Next: 75%
Magic:  0/8        EV: 13    Int: 19    God:
Gold:   36         SH:  0    Dex: 15    Spells: 5/7 levels left

rFire    . . .     SeeInvis .   l - +0 spear
rCold    . . .     Gourm    .   (no shield)
rNeg     . . .     Faith    .   a - +0 robe
rPois    .         Spirit   .   (no helmet)
rElec    .         Reflect  .   (no cloak)
rCorr    .         Harm     .   (no gloves)
MR       .....                  (no boots)
Stlth    ++........             (no amulet)
HPRegen  0.05/turn              k - ring of wizardry
MPRegen  0.11/turn              (no ring)

@: very slightly contaminated
A: no striking features
a: no special abilities


You were on level 2 of the Dungeon.
You were not hungry.

You visited 1 branch of the dungeon, and saw 2 of its levels.

You collected 36 gold pieces.

Inventory:

Hand Weapons
 h - a +0 dagger
 l - a +0 spear (weapon)
Missiles
 b - 41 arrows
Armour
 a - a +0 robe (worn)
 o - a +0 leather armour
Jewellery
 k - a ring of wizardry (left hand)
Scrolls
 d - 2 scrolls of identify {unknown}
 g - a scroll of fear {unknown}
 i - a scroll of enchant armour {unknown}
 j - a scroll of remove curse {unknown}
 m - a scroll of amnesia {unknown}
 n - a scroll of teleportation {unknown}
Potions
 e - a potion of curing {unknown}
Comestibles
 c - a ration
 f - a chunk of flesh


   Skills:
 + Level 2.9 Dodging
 + Level 3.0 Stealth
 + Level 3.4 Spellcasting
 + Level 5.1 Necromancy


You had 5 spell levels left.
You knew the following spells:

 Your Spells              Type           Power        Failure   Level  Hunger
a - Pain                  Necr           ###.         1%          1    None
b - Animate Skeleton      Necr           N/A          1%          1    None

Your spell library contained the following spells:

 Spells                   Type           Power        Failure   Level  Hunger
 Vampiric Draining        Necr           ###.......   2%          3    ###....
 Regeneration             Chrm/Necr      ##........   6%          3    ###....
 Animate Dead             Necr           N/A          7%          4    ####...


Dungeon Overview and Level Annotations

Branches:
Dungeon (2/15)

Altars:


Message History

Aiming: Pain (safe; 1% risk of failure)
Press: ? - help, Shift-Dir - straight line, f/p - orc priest
Aim: an orc priest, wielding a +0 flail (moderately wounded, chance to defeat MR: 81%)
The orc priest barely resists.
The orc priest shouts!
The orc priest miscasts a cantrip.
Casting: Pain (safe; 1% risk of failure)
Confirm with . or Enter, or press ? or * to list all spells.
Aiming: Pain (safe; 1% risk of failure)
Press: ? - help, Shift-Dir - straight line, f/p - orc priest
Aim: an orc priest, wielding a +0 flail (moderately wounded, chance to defeat MR: 81%)
The orc priest writhes in agony!
An orc comes into view. It is wielding a +0 trident.
The orc priest invokes the aid of Beogh against you.
Pain shoots through your body!
* * * LOW HITPOINT WARNING * * *
The orc priest calls down the wrath of Beogh upon you.
Beogh smites you!
Ouch! That really hurt!
You die...

...... ......
..... ...[#### ###
#####..... ..#
....o.... ...
...#..ol########.#
o.......o)...@.#.#
.......#######.#.#
....... #.......#
..l#...###.#####.#
...o... .....###.#
#####..
##.#.....##
....#..<......#.#
................#
#####.#.#####.###


You could see 2 orc priests and a frilled lizard.

Vanquished Creatures
  A leopard gecko (D:1)
  2 orcs (D:2)
  A ball python (D:1)
  4 bats (D:1)
  2 goblins (D:1)
  2 hobgoblins (D:1)
  2 frilled lizards (D:1)
  4 kobolds
  4 rats (D:1)
22 creatures vanquished.

Notes
Turn   | Place    | Note
-------+----------+-------------------------------------------
     0 | D:1      | Descartes the Deep Elf Necromancer began the quest for the
                  | Orb.
     0 | D:1      | Reached XP level 1. HP: 10/10 MP: 6/6
    50 | D:1      | Learned a level 1 spell: Animate Skeleton
   503 | D:1      | Reached XP level 2. HP: 15/15 MP: 6/8
   513 | D:1      | Reached skill level 5 in Necromancy
  1023 | D:2      | Killed from afar by an orc priest

Skill      XL: |  1  2 |
---------------+-------+-----
Necromancy     | 5 |  5.1
Stealth        | 3 |  3.0
Dodging        | |  2.9
Spellcasting   | |  3.4

Action                   || total
-------------------------++-------
Melee: Dagger            ||     1
 Cast: Pain              ||    37
       Animate Skeleton  ||     9
Dodge: Dodged            ||     2
